 Dungeon Crawl Stone Soup version 0.22.0-36-g8e74550 (webtiles) character file.

9756 Lew the Fighter (level 11, -1/73 HPs)
             Began as a Gnoll Abyssal Knight on Aug 24, 2018.
             Was a High Priest of Lugonu.
             Succumbed to a spiny frog's poison
             ... on level 1 of the Lair of Beasts.
             The game lasted 00:48:41 (13612 turns).

Lew the Fighter (Gnoll Abyssal Knight)             Turns: 13612, Time: 00:48:41

Health: -1/73      AC: 10    Str: 20    XL:     11   Next: 51%
Magic:  16/16      EV: 16    Int: 10    God:    Lugonu [*****.]
Gold:   542        SH:  0    Dex: 17    Spells: 13/22 levels left

rFire    + . .     SeeInvis .   e - +7 scimitar "Ikaeteis" {speed, rF+ Dex+2}
rCold    . . .     Gourm    .   (no shield)
rNeg     . . .     Faith    .   w - +3 leather armour
rPois    .         Spirit   .   C - +1 hat
rElec    .         Reflect  .   (no cloak)
rCorr    .         Harm     .   (no gloves)
MR       .....                  (no boots)
Stlth    +++.......             o - amulet of Untruth {RegenMP +Fly Str+2 Slay+6}
HPRegen  0.22/turn              z - +2 ring of protection
MPRegen  0.40/turn              j - +1 ring of protection

@: lethally poisoned (-1 -> -24)
A: distributed training, fangs 1, horns 1, rugged brown scales 1, [deformed
body], [dopey 2], [frail 2], [low mp 2], [screaming 2], strong nose
a: Depart the Abyss, Bend Space, Banish, Corrupt, Enter the Abyss, Renounce
Religion, Evoke Flight


You were on level 1 of the Lair of Beasts.
You worshipped Lugonu.
Lugonu was extremely pleased with you.
You were not hungry.

You visited 3 branches of the dungeon, and saw 12 of its levels.
You visited the Abyss 2 times.
You also visited: Sewer.

You collected 542 gold pieces.

Inventory:

Hand Weapons
 e - the +7 scimitar "Ikaeteis" (weapon) {speed, rF+ Dex+2}
   (You found it on level 2 of the Abyss)

   Attacks with this weapon are significantly faster.
   It affects your dexterity (+2).
   It protects you from fire.
 q - a +0 longbow of freezing
Missiles
 r - 156 arrows (quivered)
Armour
 u - a +0 plate armour
 w - a +3 leather armour (worn)
 C - a +1 hat (worn)
Jewellery
 b - an uncursed ring of stealth
 j - a +1 ring of protection (right hand)
 o - the amulet of Untruth (around neck) {RegenMP +Fly Str+2 Slay+6}
   (You acquired it on level 1 of the Lair of Beasts)

   [amulet of magic regeneration]

   It increases your magic regeneration.
   It affects your strength (+2).
   It affects your accuracy and damage with ranged weapons and melee attacks
   (+6).
   It lets you fly.
 s - an uncursed ring of protection from cold
 z - a +2 ring of protection (left hand)
Wands
 d - a wand of iceblast (8)
 p - a wand of flame (72)
 t - a wand of random effects (30)
 y - a wand of enslavement (18)
 B - a wand of acid (12)
Scrolls
 f - a scroll of amnesia
 g - a scroll of fear
 h - 7 scrolls of remove curse
 i - 3 scrolls of teleportation
 n - a scroll of blinking
 v - a scroll of torment
 x - 2 scrolls of enchant weapon
 F - a scroll of identify
 G - a scroll of holy word {unknown}
Potions
 a - 3 potions of brilliance
 k - 3 potions of magic
 l - a potion of agility
 D - a potion of haste
 E - a potion of mutation
Miscellaneous
 m - a lightning rod (4/4)
 A - a lamp of fire (inert)
Comestibles
 c - 10 rations


   Skills:
 + Level 9.1 Fighting
 + Level 6.2 Short Blades
 + Level 7.8 Long Blades
 + Level 6.2 Axes
 + Level 6.2 Maces & Flails
 + Level 6.2 Polearms
 + Level 6.2 Staves
 + Level 6.2 Slings
 + Level 6.2 Bows
 + Level 6.2 Crossbows
 + Level 6.2 Throwing
 + Level 7.8 Armour
 + Level 6.8 Dodging
 + Level 6.2 Stealth
 + Level 6.2 Shields
 + Level 6.2 Unarmed Combat
 + Level 6.2 Spellcasting
 + Level 5.1 Conjurations
 + Level 5.1 Hexes
 + Level 5.1 Charms
 + Level 5.1 Summonings
 + Level 5.1 Necromancy
 + Level 5.1 Translocations
 + Level 5.1 Transmutations
 + Level 5.1 Fire Magic
 + Level 5.1 Ice Magic
 + Level 5.1 Air Magic
 + Level 5.1 Earth Magic
 + Level 5.1 Poison Magic
 + Level 8.3 Invocations
 + Level 6.2 Evocations


You had 13 spell levels left.
You knew the following spells:

 Your Spells              Type           Power        Failure   Level  Hunger
a - Throw Flame           Conj/Fire      ##....       4%          2    ##.....
b - Conjure Flame         Conj/Fire      ##......     9%          3    ###....
c - Cause Fear            Hex            ##........   26%         4    ####...

Your spell library contained the following spells:

 Spells                   Type           Power        Failure   Level  Hunger
 Flame Tongue             Conj/Fire      ##...        2%          1    None
 Inner Flame              Hex/Fire       ##......     9%          3    ###....
 Sticky Flame             Conj/Fire      ##......     26%         4    ####...
 Fireball                 Conj/Fire      ##........   58%         5    ######.
 Irradiate                Conj/Tmut      ##........   58%         5    ######.
 Silence                  Hex/Air        ##........   58%         5    ######.
 Yara's Violent Unravell  Hex/Tmut       ##........   58%         5    ######.
 Deflect Missiles         Chrm/Air       ##........   99%         6    #######
 Hydra Form               Tmut           ##........   99%         6    #######
 Statue Form              Tmut/Erth      ##.......    99%         6    #######
 Dragon Form              Tmut           ##........   100%        7    #######
 Discord                  Hex            ##........   100%        8    #######


Dungeon Overview and Level Annotations

Branches:
Dungeon (10/15)            Temple (1/1) D:7            Lair (1/6) D:10
    Orc (0/2) D:9

Altars:
Ashenzari
Cheibriados
Dithmenos
Elyvilon
Fedhas
Gozag
Hepliaklqana
Kikubaaqudgha
Makhleb
Nemelex Xobeh
Okawaru
Qazlal
Ru
Sif Muna
Trog
Uskayaw
Vehumet
Wu Jian
Xom
Yredelemnul
Zin
The Shining One

Shops:
D:6 %


Innate Abilities, Weirdness & Mutations

Your experience applies equally to all skills.
You have very sharp teeth.
Your uncanny sense of smell can sniff out nearby items.
You have a pair of small horns on your head.
You are partially covered in rugged brown scales. (AC +1, +3% HP)
[Armour fits poorly on your strangely shaped body.]
[You are very dopey. (Int -4)]
[You are very frail. (-20% HP)]
[Your magical capacity is very low. (-20% MP)]
[You sometimes yell uncontrollably at your foes.]


Message History

Okay, then.
Okay, then. [a] Weapon [b] Armour [c] Jewellery [d] Book [e] Staff [f] Evocable [g] Food [h] Gold (you have $542)
What kind of item would you like to acquire? [\] known items [$] shopping list Something appears at your feet!
* * * LOW HITPOINT WARNING * * *
You feel very sick.
o - a scorched bronze amulet
* * * LOW HITPOINT WARNING * * *
You feel sick.
The amulet hums as it attunes itself to your energized body.
You feel stronger.
o - the amulet of Untruth (around neck) {RegenMP +Fly Str+2 Slay+6}
* * * LOW HITPOINT WARNING * * *
You feel sick.
You feel extremely strange.
Your thinking seems confused.
A pair of horns grows on your head!
Rugged brown scales grow over part of your body.
You die...

...## ......#
.......##
........##
.........#
.....#...#
#........##
#.........####
#.....##@....##
####. ∆##.<...#
# #.......#
...........#
#...........#
####........#
#........#
##.......#
##......#


There were no monsters in sight!

Vanquished Creatures
  Gastronok (D:9)
  A two-headed ogre (D:8)
  An oklob plant (D:6)
  A gargoyle (D:8)
  A troll (D:9)
  2 hippogriffs
  An ice dragon skeleton (Abyss:2)
  A yak (D:10)
  A wraith (D:9)
  2 basilisks (D:10)
  2 ice beasts
  2 orc warriors
  A phantom (D:9)
  2 necrophages
  3 sky beasts
  6 ogres
  2 centaurs
  2 big kobolds
  Blork the orc (D:6)
  7 bullfrogs
  2 gnoll sergeants
  A troll zombie (D:9)
  4 scorpions
  12 killer bees
  4 wights
  3 bullfrog zombies
  4 howler monkeys
  5 crimson imps
  3 centaur zombies
  7 jellies (D:6)
  4 orc priests
  A hound (D:7)
  11 orc wizards
  A centaur skeleton (D:6)
  A bullfrog skeleton (D:9)
  2 iguanas
  6 worker ants
  5 ogre zombies (D:9)
  The ghost of EnegeticOcto the Covered, a weakling MiFi (D:3)
  A hound skeleton (D:6)
  16 adders
  8 gnolls
  A howler monkey skeleton (D:4)
  5 shadow imps
  10 oozes
  2 worms
  2 dart slugs
  8 leopard geckos
  50 orcs
  11 ball pythons
  4 giant cockroaches
  8 goblins
  6 hobgoblins
  16 jackals
  17 kobolds
  4 quokkas
  8 bats
  16 frilled lizards
  2 goblin skeletons (D:9)
  2 goblin zombies (D:9)
  A hobgoblin skeleton (D:9)
  4 hobgoblin zombies (D:9)
  A leopard gecko skeleton (D:6)
  4 orc skeletons (D:9)
  8 orc zombies (D:9)
  A quokka skeleton (D:4)
  4 rats
  2 butterflies (D:6)
  2 plants (Sewer)
341 creatures vanquished.

Vanquished Creatures (collateral kills)
  A hungry ghost (D:9)
  A hound (D:9)
  An ogre zombie (D:9)
  A hound zombie (D:9)
  A goblin zombie (D:9)
  An orc skeleton (D:9)
  2 orc zombies (D:9)
8 creatures vanquished.

Vanquished Creatures (others)
  A troll zombie (D:9)
  10 fungi (D:6)
  A plant (Sewer)
12 creatures vanquished.

Grand Total: 361 creatures vanquished

Notes
Turn   | Place    | Note
-------+----------+-------------------------------------------
     0 | Abyss:1  | Lew the Gnoll Abyssal Knight began the quest for the Orb.
     0 | Abyss:1  | Reached XP level 1. HP: 23/23 MP: 3/3
    51 | Abyss:2  | Noticed a small abomination
    58 | Abyss:2  | Noticed a neqoxec
    66 | Abyss:2  | Got an ichor-stained scimitar
    67 | D:1      | Escaped the Abyss
    68 | D:1      | Identified the +7 scimitar "Ikaeteis" {speed, rF+ Dex+2} (You found it on level 2 of the Abyss)
   108 | D:1      | Reached * piety under Lugonu
   150 | D:1      | Reached XP level 2. HP: 25/29 MP: 5/5
   299 | D:1      | Reached XP level 3. HP: 32/35 MP: 6/6
   593 | D:2      | Reached skill level 1 in Short Blades
   593 | D:2      | Reached skill level 1 in Axes
   593 | D:2      | Reached skill level 1 in Maces & Flails
   593 | D:2      | Reached skill level 1 in Polearms
   593 | D:2      | Reached skill level 1 in Staves
   593 | D:2      | Reached skill level 1 in Slings
   593 | D:2      | Reached skill level 1 in Bows
   593 | D:2      | Reached skill level 1 in Crossbows
   593 | D:2      | Reached skill level 1 in Throwing
   593 | D:2      | Reached skill level 1 in Stealth
   593 | D:2      | Reached skill level 1 in Shields
   593 | D:2      | Reached skill level 1 in Unarmed Combat
   593 | D:2      | Reached skill level 1 in Spellcasting
   593 | D:2      | Reached skill level 1 in Evocations
   620 | D:2      | Reached XP level 4. HP: 41/41 MP: 7/7
   710 | D:2      | Reached ** piety under Lugonu
   767 | D:2      | Reached skill level 1 in Conjurations
   767 | D:2      | Reached skill level 1 in Hexes
   767 | D:2      | Reached skill level 1 in Charms
   767 | D:2      | Reached skill level 1 in Summonings
   767 | D:2      | Reached skill level 1 in Necromancy
   767 | D:2      | Reached skill level 1 in Translocations
   767 | D:2      | Reached skill level 1 in Transmutations
   767 | D:2      | Reached skill level 1 in Fire Magic
   767 | D:2      | Reached skill level 1 in Ice Magic
   767 | D:2      | Reached skill level 1 in Air Magic
   767 | D:2      | Reached skill level 1 in Earth Magic
   767 | D:2      | Reached skill level 1 in Poison Magic
   904 | D:2      | Found a faded altar of an unknown god.
   966 | D:2      | Reached XP level 5. HP: 47/47 MP: 8/8
  1173 | D:3      | Found a transporter.
  1173 | D:3      | Noticed an ogre
  1173 | D:3      | Noticed EnegeticOcto's ghost (weakling MiFi)
  1174 | D:3      | Found a transporter.
  1183 | D:3      | Found a glowing drain.
  1281 | Sewer    | Entered a sewer
  1414 | Sewer    | Reached *** piety under Lugonu
  2230 | D:3      | Reached skill level 5 in Invocations
  2230 | D:3      | Reached XP level 6. HP: 50/53 MP: 9/9
  2727 | D:3      | Reached skill level 5 in Long Blades
  2727 | D:3      | Reached skill level 5 in Armour
  2734 | D:3      | Killed EnegeticOcto's ghost
  2861 | D:4      | Reached **** piety under Lugonu
  2899 | D:4      | Found a shattered altar of Ashenzari.
  3226 | D:4      | Found a sacrificial altar of Ru.
  3253 | D:4      | Reached XP level 7. HP: 59/59 MP: 10/10
  3577 | D:5      | Entered Level 5 of the Dungeon
  3587 | D:5      | Reached skill level 7 in Fighting
  3936 | D:5      | Found a bloodstained altar of Trog.
  4122 | D:6      | Reached XP level 8. HP: 67/67 MP: 12/12
  4140 | D:6      | Found a shimmering altar of Xom.
  4289 | D:6      | Reached ***** piety under Lugonu
  4370 | D:6      | Found Tyergh's Food Boutique.
  4512 | D:6      | Noticed Blork the orc
  4702 | D:6      | Reached XP level 9. HP: 57/72 MP: 14/14
  4707 | D:6      | Killed Blork the orc
  5152 | D:6      | Noticed an oklob plant
  5603 | D:6      | Killed an oklob plant
  5603 | D:6      | Reached skill level 5 in Dodging
  6027 | D:7      | Reached skill level 8 in Fighting
  6360 | D:7      | Found a staircase to the Ecumenical Temple.
  6473 | D:7      | Found a blossoming altar of Fedhas.
  6473 | D:7      | Found a radiant altar of Vehumet.
  6473 | D:7      | Found a burning altar of Makhleb.
  6473 | D:7      | Found a basalt altar of Yredelemnul.
  6481 | D:7      | Found an opulent altar of Gozag.
  6481 | D:7      | Found an ancient bone altar of Kikubaaqudgha.
  7327 | Temple   | Entered the Ecumenical Temple
  7664 | D:8      | Noticed a two-headed ogre
  7689 | D:8      | Killed a two-headed ogre
  7689 | D:8      | Reached XP level 10. HP: 79/79 MP: 15/17
  7727 | D:8      | Reached skill level 5 in Short Blades
  7727 | D:8      | Reached skill level 5 in Axes
  7727 | D:8      | Reached skill level 5 in Maces & Flails
  7727 | D:8      | Reached skill level 5 in Polearms
  7727 | D:8      | Reached skill level 5 in Staves
  7727 | D:8      | Reached skill level 5 in Slings
  7727 | D:8      | Reached skill level 5 in Bows
  7727 | D:8      | Reached skill level 5 in Crossbows
  7727 | D:8      | Reached skill level 5 in Throwing
  7727 | D:8      | Reached skill level 5 in Stealth
  7727 | D:8      | Reached skill level 5 in Shields
  7727 | D:8      | Reached skill level 5 in Unarmed Combat
  7727 | D:8      | Reached skill level 5 in Spellcasting
  7727 | D:8      | Reached skill level 5 in Evocations
  8194 | D:8      | Noticed a gargoyle
  8210 | D:8      | Killed a gargoyle
  9993 | D:9      | Found a staircase to the Orcish Mines.
 10096 | D:9      | Reached ****** piety under Lugonu
 10495 | D:9      | Noticed Gastronok
 10516 | D:9      | Killed Gastronok
 10516 | D:9      | Reached skill level 9 in Fighting
 10516 | D:9      | Reached XP level 11. HP: 51/89 MP: 18/20
 10526 | D:9      | Reached skill level 5 in Conjurations
 10526 | D:9      | Reached skill level 5 in Hexes
 10526 | D:9      | Reached skill level 5 in Charms
 10526 | D:9      | Reached skill level 5 in Summonings
 10526 | D:9      | Reached skill level 5 in Necromancy
 10526 | D:9      | Reached skill level 5 in Translocations
 10526 | D:9      | Reached skill level 5 in Transmutations
 10526 | D:9      | Reached skill level 5 in Fire Magic
 10526 | D:9      | Reached skill level 5 in Ice Magic
 10526 | D:9      | Reached skill level 5 in Air Magic
 10526 | D:9      | Reached skill level 5 in Earth Magic
 10526 | D:9      | Reached skill level 5 in Poison Magic
 11127 | D:10     | Entered Level 10 of the Dungeon
 11507 | D:10     | Learned a level 2 spell: Throw Flame
 11511 | D:10     | Learned a level 3 spell: Conjure Flame
 11539 | D:10     | Found a staircase to the Lair.
 11963 | D:10     | Learned a level 4 spell: Cause Fear
 12444 | D:10     | Identified a scroll of acquirement
 12507 | Abyss:1  | Noticed a wretched star
 12562 | Abyss:1  | Noticed a wretched star
 12633 | Abyss:2  | Noticed a wretched star
 12638 | D:10     | Escaped the Abyss
 13588 | Lair:1   | Entered Level 1 of the Lair of Beasts
 13607 | Lair:1   | Gained mutation: You possess an exceptional clarity of mind. [potion of mutation]
 13610 | Lair:1   | Got a scorched bronze amulet
 13610 | Lair:1   | HP: 2/71 [poisoned by a spiny frog]
 13611 | Lair:1   | Identified the amulet of Untruth {RegenMP +Fly Str+2 Slay+6} (You acquired it on level 1 of the Lair of Beasts)
 13612 | Lair:1   | Lost mutation: You possess an exceptional clarity of mind. [potion of mutation]
 13612 | Lair:1   | Gained mutation: You have a pair of small horns on your head. [potion of mutation]
 13612 | Lair:1   | Gained mutation: You are partially covered in rugged brown scales. (AC +1, +3% HP) [potion of mutation]
 13612 | Lair:1   | Succumbed to a spiny frog's poison

Skill      XL: |  1  2  3  4  5  6  7  8  9 10 11 |
---------------+----------------------------------+-----
Short Blades   | 1 2 3 4 6 |  6.2
Axes           | 1 2 3 4 6 |  6.2
Maces & Flails | 1 2 3 4 6 |  6.2
Polearms       | 1 2 3 4 6 |  6.2
Staves         | 1 2 3 4 6 |  6.2
Slings         | 1 2 3 4 6 |  6.2
Bows           | 1 2 3 4 6 |  6.2
Crossbows      | 1 2 3 4 6 |  6.2
Throwing       | 1 2 3 4 6 |  6.2
Stealth        | 1 2 3 4 6 |  6.2
Shields        | 1 2 3 4 6 |  6.2
Unarmed Combat | 1 2 3 4 6 |  6.2
Spellcasting   | 1 2 3 4 6 |  6.2
Evocations     | 1 2 3 4 6 |  6.2
Conjurations   | 1 2 3 4 5 |  5.1
Hexes          | 1 2 3 4 5 |  5.1
Charms         | 1 2 3 4 5 |  5.1
Summonings     | 1 2 3 4 5 |  5.1
Necromancy     | 1 2 3 4 5 |  5.1
Translocations | 1 2 3 4 5 |  5.1
Transmutations | 1 2 3 4 5 |  5.1
Fire Magic     | 1 2 3 4 5 |  5.1
Ice Magic      | 1 2 3 4 5 |  5.1
Air Magic      | 1 2 3 4 5 |  5.1
Earth Magic    | 1 2 3 4 5 |  5.1
Poison Magic   | 1 2 3 4 5 |  5.1
Dodging        | 3 4 5 6 |  6.8
Invocations    | 5 6 7 8 |  8.3
Long Blades    | 5 6 7 |  7.8
Armour         | 5 6 7 |  7.8
Fighting       | 7 8 9 |  9.1

Action                   |  1- 3 |  4- 6 |  7- 9 | 10-12 || total
-------------------------+-------+-------+-------+-------++-------
Melee: Scimitar          |    62 |   188 |   259 |   338 ||   847
       Bite              |     5 |    15 |    31 |    54 ||   105
       Punch             |       |     1 |     5 |     9 ||    15
 Fire: Longbow           |       |       |       |     2 ||     2
 Cast: Conjure Flame     |       |       |       |     1 ||     1
Invok: Depart the Abyss  |     1 |       |       |     1 ||     2
       Enter the Abyss   |       |       |       |     1 ||     1
Evoke: Wand              |       |       |     5 |     4 ||     9
       Lamp of fire      |       |       |       |     1 ||     1
  Use: Scroll            |     1 |    13 |     7 |     8 ||    29
       Potion            |       |     5 |     2 |     6 ||    13
 Stab: Sleeping          |     1 |    11 |     8 |     5 ||    25
       Distracted        |       |       |       |     1 ||     1
  Eat: Chunk             |       |     8 |     1 |     1 ||    10
       Ration            |       |       |     4 |     6 ||    10
Armor: Ring mail         |    13 |    45 |    64 |    28 ||   150
       Leather armour    |       |       |       |    51 ||    51
Dodge: Dodged            |    32 |    74 |   124 |   194 ||   424
       Rpst.: Falchion   |     1 |       |       |       ||     1
       Scimitar          |     5 |    22 |    33 |    48 ||   108
